General information
- name: BNet
- type: Ladder team game (AT/RT)
- host: Battle.net
- saver: DotaTheHedgehog
map: TwilightRuins
- players: 8
- length: 22:37
- speed: Fast
- version: 1.26 W3XP
- replay type: Public
» download(177 KB)
Players
team 1 (winner)
DotaTheHedgehog (
purple | 140 APM | 3174 actions | 22:37)
5 Archmage
3 Blizzard
2 Brilliance Aura
» actions
| Assign group hotkey | 157 | |
| Basic commands | 247 | |
| Build / train | 102 | |
| ESC pressed | 6 | |
| Enter build submenu | 32 | |
| Enter hero's abilities submenu | 5 | |
| Give item / drop item | 3 | |
| Right click | 1301 | |
| Select / deselect | 574 | |
| Select group hotkey | 626 | |
| Use ability | 121 | |
3174 total
» units
| Peasant | 29 | |
| Footman | 5 | |
| Goblin Sapper | 9 | |
| Goblin Shredder | 1 | |
| Goblin Zeppelin | 1 | |
| Mortar Team | 3 | |
| Siege Engine | 1 | |
| Flying Machine | 12 | |
61 total
» upgrades
| Gunpowder | 3 | |
| Armor | 3 | |
| Swords | 1 | |
| Plating | 1 | |
| Lumber Harvesting | 2 | |
| Masonry | 3 | |
| Flak Cannons | 1 | |
| Fragmentation Shards | 1 | |
| Flare | 1 | |
| Barrage | 1 | |
| Flying Machine Bombs | 1 | |
18 total
» buildings
| Lumber Mill | 3 | |
| Farm | 14 | |
| Barracks | 1 | |
| Altar of Kings | 1 | |
| Town Hall | 2 | |
| Blacksmith | 2 | |
| Keep | 1 | |
| Scout Tower | 5 | |
| Guard Tower | 5 | |
| Castle | 1 | |
| Workshop | 4 | |
| Arcane Vault | 1 | |
40 total
» build order
00:20 Lumber Mill
01:03 Farm
01:05 Farm
01:16 Farm
01:20 Barracks
01:35 Altar of Kings
02:06 Farm
02:44 Farm
03:16 Farm
03:55 Farm
05:03 Town Hall
05:05 Town Hall
05:26 Blacksmith
05:29 Blacksmith
06:06 Farm
06:35 Keep
06:43 Scout Tower
06:44 Scout Tower
06:44 Scout Tower
06:45 Scout Tower
06:46 Scout Tower
07:47 Guard Tower
07:48 Guard Tower
07:48 Guard Tower
08:29 Farm
08:38 Guard Tower
09:03 Castle
09:22 Workshop
09:22 Workshop
09:58 Lumber Mill
10:10 Farm
10:55 Workshop
10:56 Workshop
12:14 Arcane Vault
13:21 Farm
13:23 Farm
13:24 Farm
16:59 Lumber Mill
17:26 Farm
» items
| Boots of Speed | 1 | |
| Staff of Teleportation | 1 | |
| Scroll of Protection | 1 | |
| Scroll of Healing | 1 | |
| Potion of Invisibility | 2 | |
| Scroll of Town Portal | 1 | |
| Potion of Lesser Invulnerability | 1 | |
8 total
Vintz (
pink | 42 APM | 953 actions | 22:36)
6 Blademaster
2 Wind Walk
3 Critical Strike
1 Bladestorm
4 Shadow Hunter
2 Hex
2 Healing Wave
4 Tauren Chieftain
2 Endurance Aura
2 War Stomp
» actions
| Assign group hotkey | 22 | |
| Basic commands | 124 | |
| Build / train | 72 | |
| Enter build submenu | 19 | |
| Enter hero's abilities submenu | 15 | |
| Give item / drop item | 1 | |
| Remove unit from queue | 1 | |
| Right click | 256 | |
| Select / deselect | 177 | |
| Select group hotkey | 205 | |
| Use ability | 61 | |
953 total
» units
| Peon | 7 | |
| Grunt | 2 | |
| Troll Headhunter/Berserker | 15 | |
| Spirit Walker | 1 | |
| Tauren | 3 | |
| Troll Witch Doctor | 3 | |
| Shaman | 4 | |
35 total
» upgrades
| Troll Regeneration | 1 | |
| Armor | 1 | |
| Ranged Weapons | 1 | |
| Witch Doctor Training | 2 | |
| Berserker Upgrade | 1 | |
| Pulverize | 1 | |
| Shaman Training | 2 | |
9 total
» buildings
| Altar of Storms | 1 | |
| Orc Burrow | 7 | |
| Voodoo Lounge | 1 | |
| War Mill | 1 | |
| Barracks | 1 | |
| Stronghold | 1 | |
| Fortress | 1 | |
| Spirit Lodge | 1 | |
| Tauren Totem | 1 | |
| Great Hall | 2 | |
17 total
» build order
00:15 Altar of Storms
00:19 Orc Burrow
00:53 Voodoo Lounge
01:22 War Mill
01:50 Orc Burrow
01:59 Barracks
02:51 Orc Burrow
04:08 Stronghold
06:14 Orc Burrow
07:19 Fortress
08:40 Spirit Lodge
10:42 Tauren Totem
13:51 Great Hall
15:02 Orc Burrow
15:07 Orc Burrow
18:18 Orc Burrow
18:24 Great Hall
» items
| Healing Salve | 3 | |
| Lesser Clarity Potion | 3 | |
| Scroll of Town Portal | 1 | |
| Orb of Lightning | 1 | |
8 total
kevinharlan23 (
teal | 45 APM | 1009 actions | 22:36)
6 Blademaster
3 Wind Walk
2 Critical Strike
1 Bladestorm
3 Tauren Chieftain
1 War Stomp
2 Endurance Aura
» actions
| Build / train | 100 | |
| Enter build submenu | 19 | |
| Enter hero's abilities submenu | 9 | |
| Give item / drop item | 2 | |
| Remove unit from queue | 1 | |
| Right click | 471 | |
| Select / deselect | 308 | |
| Use ability | 98 | |
1009 total
» units
| Peon | 12 | |
| Grunt | 8 | |
| Goblin Shredder | 1 | |
| Goblin Sapper | 3 | |
| Shaman | 14 | |
| Troll Witch Doctor | 12 | |
50 total
» upgrades
| Melee Weapons | 1 | |
| Armor | 1 | |
| Spiked Barricades | 3 | |
| Berserker Strength | 1 | |
| Shaman Training | 2 | |
| Witch Doctor Training | 3 | |
| Reinforced Defenses | 1 | |
12 total
» buildings
| Orc Burrow | 9 | |
| Altar of Storms | 1 | |
| Barracks | 1 | |
| Voodoo Lounge | 1 | |
| War Mill | 1 | |
| Stronghold | 2 | |
| Great Hall | 3 | |
| Fortress | 1 | |
| Spirit Lodge | 7 | |
26 total
» build order
00:36 Orc Burrow
00:51 Altar of Storms
01:08 Barracks
01:19 Orc Burrow
01:59 Voodoo Lounge
03:28 Orc Burrow
03:32 War Mill
04:15 Stronghold
04:16 Stronghold
05:04 Great Hall
07:11 Fortress
08:44 Spirit Lodge
11:29 Spirit Lodge
11:33 Spirit Lodge
13:35 Orc Burrow
13:35 Orc Burrow
13:35 Orc Burrow
13:36 Orc Burrow
13:38 Orc Burrow
13:39 Orc Burrow
16:02 Spirit Lodge
16:05 Spirit Lodge
17:14 Spirit Lodge
17:18 Spirit Lodge
18:00 Great Hall
18:09 Great Hall
» items
| Healing Salve | 4 | |
| Staff of Teleportation | 1 | |
| Circlet of Nobility | 2 | |
| Boots of Speed | 3 | |
| Scroll of Protection | 2 | |
| Lesser Clarity Potion | 2 | |
| Orb of Lightning | 2 | |
| Scroll of Town Portal | 2 | |
| Potion of Healing | 1 | |
| Potion of Mana | 1 | |
| Scroll of Speed | 1 | |
21 total
mGz- (
yellow | 64 APM | 1451 actions | 22:36)
6 Firelord
3 Summon Lava Spawn
2 Incinerate
1 Volcano
4 Priestess of the Moon
2 Trueshot Aura
2 Searing Arrows
» actions
| Assign group hotkey | 39 | |
| Build / train | 59 | |
| ESC pressed | 4 | |
| Enter build submenu | 25 | |
| Enter hero's abilities submenu | 10 | |
| Give item / drop item | 3 | |
| Right click | 717 | |
| Select / deselect | 227 | |
| Select group hotkey | 286 | |
| Use ability | 81 | |
1451 total
» units
» upgrades
| Corrosive Breath | 1 | |
| Strength of the Wild | 3 | |
| Reinforced Hides | 1 | |
5 total
» buildings
| Moon Well | 8 | |
| Altar of Elders | 1 | |
| Hunter's Hall | 1 | |
| Ancient of War | 3 | |
| Ancient of Wonders | 1 | |
| Tree of Ages | 1 | |
| Tree of Life | 1 | |
| Tree of Eternity | 1 | |
| Ancient of Wind | 5 | |
| Chimaera Roost | 4 | |
26 total
» build order
00:31 Moon Well
00:35 Altar of Elders
01:41 Hunter's Hall
02:38 Ancient of War
02:43 Ancient of War
02:46 Ancient of Wonders
02:52 Ancient of War
02:58 Moon Well
03:10 Moon Well
04:25 Tree of Ages
04:35 Tree of Life
06:49 Tree of Eternity
06:52 Ancient of Wind
09:16 Chimaera Roost
09:18 Chimaera Roost
09:22 Chimaera Roost
09:24 Chimaera Roost
10:34 Moon Well
10:38 Moon Well
10:42 Moon Well
10:44 Moon Well
14:01 Moon Well
16:00 Ancient of Wind
16:01 Ancient of Wind
21:02 Ancient of Wind
21:03 Ancient of Wind
» items
| Lesser Clarity Potion | 1 | |
| Moonstone | 1 | |
| Scroll of Town Portal | 2 | |
| Potion of Healing | 1 | |
| Potion of Mana | 1 | |
| Scroll of the Beast | 2 | |
| Scroll of Protection | 1 | |
| Scroll of Healing | 1 | |
| Potion of Lesser Invulnerability | 1 | |
11 total
team 2 (loser)
appal (
blue | 52 APM | 1064 actions | 20:32)
5 Mountain King
3 Storm Bolt
2 Bash
» actions
| Assign group hotkey | 6 | |
| Build / train | 70 | |
| Enter build submenu | 27 | |
| Enter hero's abilities submenu | 5 | |
| Give item / drop item | 2 | |
| Right click | 582 | |
| Select / deselect | 248 | |
| Select group hotkey | 27 | |
| Use ability | 97 | |
1064 total
» units
| Peasant | 20 | |
| Rifleman | 8 | |
| Knight | 6 | |
| Priest | 5 | |
39 total
» upgrades
| Masonry | 1 | |
| Lumber Harvesting | 2 | |
| Long Rifles | 1 | |
| Swords | 2 | |
| Plating | 2 | |
| Animal War Training | 1 | |
| Priest Training | 2 | |
11 total
» buildings
| Altar of Kings | 2 | |
| Farm | 11 | |
| Lumber Mill | 1 | |
| Blacksmith | 1 | |
| Barracks | 2 | |
| Scout Tower | 6 | |
| Arcane Tower | 1 | |
| Guard Tower | 2 | |
| Town Hall | 2 | |
| Keep | 1 | |
| Arcane Vault | 1 | |
| Castle | 1 | |
| Arcane Sanctum | 1 | |
32 total
» build order
00:21 Altar of Kings
00:22 Farm
00:26 Altar of Kings
00:52 Lumber Mill
01:02 Farm
01:58 Blacksmith
02:00 Barracks
02:20 Scout Tower
02:23 Scout Tower
02:29 Farm
02:49 Arcane Tower
02:55 Guard Tower
03:15 Farm
04:24 Scout Tower
04:25 Scout Tower
04:26 Scout Tower
04:30 Scout Tower
04:59 Town Hall
05:09 Guard Tower
05:51 Keep
06:12 Arcane Vault
08:13 Castle
08:17 Arcane Sanctum
08:23 Barracks
11:53 Farm
11:55 Farm
12:33 Farm
12:37 Farm
13:35 Farm
13:37 Farm
14:44 Farm
19:07 Town Hall
» items
| Scroll of Regeneration | 3 | |
| Lesser Clarity Potion | 1 | |
| Potion of Healing | 1 | |
| Scroll of Town Portal | 3 | |
| Orb of Corruption | 1 | |
9 total

»
spank.n.oobs (
red | 54 APM | 1228 actions | 22:36)
4 Death Knight
2 Death Coil
2 Unholy Aura
3 Lich
2 Frost Nova
1 Dark Ritual
» actions
| Assign group hotkey | 15 | |
| Build / train | 57 | |
| Enter build submenu | 30 | |
| Enter hero's abilities submenu | 7 | |
| Remove unit from queue | 10 | |
| Right click | 614 | |
| Select / deselect | 201 | |
| Select group hotkey | 244 | |
| Use ability | 50 | |
1228 total
» units
| Acolyte | 20 | |
| Ghoul | 10 | |
| Frost Wyrm | 5 | |
35 total
» upgrades
| Cannibalize | 1 | |
| Freezing Breath | 1 | |
| Creature Attack | 2 | |
4 total
» buildings
| Crypt | 1 | |
| Ziggurat | 16 | |
| Altar of Darkness | 1 | |
| Tomb of Relics | 1 | |
| Halls of the Dead | 1 | |
| Graveyard | 1 | |
| Necropolis | 1 | |
| Black Citadel | 1 | |
| Spirit Tower | 4 | |
| Sacrificial Pit | 1 | |
| Boneyard | 4 | |
| Nerubian Tower | 1 | |
33 total
» build order
00:10 Crypt
00:13 Ziggurat
00:33 Altar of Darkness
00:55 Ziggurat
01:29 Tomb of Relics
01:59 Ziggurat
06:08 Halls of the Dead
06:16 Graveyard
08:05 Ziggurat
08:08 Ziggurat
08:10 Ziggurat
08:13 Ziggurat
08:17 Necropolis
08:30 Black Citadel
09:16 Spirit Tower
10:46 Sacrificial Pit
11:23 Ziggurat
11:26 Ziggurat
11:33 Boneyard
11:36 Boneyard
11:41 Boneyard
11:49 Boneyard
12:42 Ziggurat
12:45 Ziggurat
12:47 Ziggurat
12:56 Ziggurat
13:42 Nerubian Tower
13:45 Spirit Tower
14:06 Spirit Tower
17:52 Ziggurat
17:55 Ziggurat
17:58 Ziggurat
19:16 Spirit Tower
» items

»
ShippedMyPants (
green | 52 APM | 1063 actions | 20:32)
3 Warden
2 Shadow Strike
1 Blink
3 Keeper of the Grove
2 Entangling Roots
1 Thorns Aura
» actions
| Assign group hotkey | 16 | |
| Build / train | 68 | |
| Enter build submenu | 20 | |
| Enter hero's abilities submenu | 7 | |
| Remove unit from queue | 2 | |
| Right click | 360 | |
| Select / deselect | 234 | |
| Select group hotkey | 290 | |
| Use ability | 66 | |
1063 total
» units
| Wisp | 20 | |
| Archer | 21 | |
| Hippogryph | 11 | |
52 total
» upgrades
| Moon Armor | 2 | |
| Hippogryph Taming | 1 | |
| Strength of the Wild | 1 | |
4 total
» buildings
| Altar of Elders | 1 | |
| Moon Well | 5 | |
| Ancient of War | 1 | |
| Tree of Ages | 1 | |
| Hunter's Hall | 1 | |
| Tree of Life | 2 | |
| Ancient of Wind | 2 | |
| Ancient Protector | 5 | |
| Ancient of Wonders | 1 | |
19 total
» build order
00:10 Altar of Elders
00:23 Moon Well
01:18 Ancient of War
01:28 Moon Well
02:25 Moon Well
02:55 Tree of Ages
03:15 Hunter's Hall
06:13 Tree of Life
06:18 Ancient of Wind
06:19 Ancient of Wind
07:15 Ancient Protector
07:18 Ancient Protector
08:18 Moon Well
08:21 Moon Well
09:03 Ancient Protector
09:10 Ancient Protector
09:13 Ancient Protector
11:33 Tree of Life
12:53 Ancient of Wonders
» items
GUYBELOWMEISGAY (
orange | 77 APM | 1591 actions | 20:35)
3 Keeper of the Grove
2 Entangling Roots
1 Thorns Aura
1 Priestess of the Moon
1 Trueshot Aura
» actions
| Assign group hotkey | 124 | |
| Basic commands | 34 | |
| Build / train | 72 | |
| Enter build submenu | 18 | |
| Enter hero's abilities submenu | 4 | |
| Remove unit from queue | 6 | |
| Right click | 566 | |
| Select / deselect | 202 | |
| Select group hotkey | 501 | |
| Use ability | 63 | |
1591 total
» units
» upgrades
| Strength of the Wild | 2 | |
| Reinforced Hides | 1 | |
| Abolish Magic | 1 | |
4 total
» buildings
| Altar of Elders | 1 | |
| Moon Well | 6 | |
| Ancient of War | 1 | |
| Tree of Ages | 7 | |
| Hunter's Hall | 1 | |
| Tree of Eternity | 1 | |
| Ancient of Lore | 2 | |
| Tree of Life | 2 | |
| Ancient Protector | 1 | |
22 total
» build order
00:16 Altar of Elders
00:21 Moon Well
00:42 Ancient of War
01:42 Moon Well
02:43 Tree of Ages
02:43 Tree of Ages
02:43 Tree of Ages
02:43 Tree of Ages
04:40 Hunter's Hall
04:43 Moon Well
05:35 Tree of Eternity
05:48 Ancient of Lore
05:51 Ancient of Lore
06:55 Tree of Life
08:51 Moon Well
11:41 Tree of Life
12:30 Ancient Protector
12:36 Moon Well
17:15 Moon Well
» items
Chat log
(00:04 / All) DotaTheHedgehog: nice try orange
(00:05 / All) ShippedMyPants: hahahah
(00:05 / Allies) mGz-: sup
(00:10 / Allies) DotaTheHedgehog: yo
(00:12 / All) DotaTheHedgehog: lol
(00:16 / All) mGz-: haha
(00:38 / Allies) DotaTheHedgehog: by the way just a random thought
(00:42 / Allies) DotaTheHedgehog: but im surprised the level of play in RT
(00:45 / Allies) DotaTheHedgehog: is actually pretty good now
(00:51 / Allies) mGz-: lol hope thats a joke
(00:56 / Allies) DotaTheHedgehog: much better than it was
(00:58 / Allies) mGz-: and are you tower rushing
(00:59 / Allies) DotaTheHedgehog: no
(01:07 / Allies) DotaTheHedgehog: i like to expo early if i can
(01:10 / Allies) DotaTheHedgehog: need lumber for it
(01:11 / Allies) mGz-: is anyone herass
(01:26 / Allies) DotaTheHedgehog: i plan on it after getting my expo
(01:27 / Allies) DotaTheHedgehog: EXPO
(01:28 / Allies) DotaTheHedgehog: EXPOOOOOOOOOO
(01:39 / Allies) Vintz: ok
(01:56 / Allies) mGz-: pink are you xpoing ?
(02:02 / Allies) mGz-: sorry creeping
(02:06 / Allies) Vintz: a bit
(02:07 / Allies) mGz-: wow
(02:11 / Allies) mGz-: i mean god damn herassing
(02:13 / Allies) Vintz: greens n expo
(02:25 / Allies) Vintz: u wanna harass?
(02:27 / Allies) Vintz: say it now
(02:34 / Allies) DotaTheHedgehog: im scouting
(02:37 / Allies) DotaTheHedgehog: if there's a reason to harass
(02:37 / Allies) DotaTheHedgehog: i will
(02:42 / Allies) DotaTheHedgehog: out of the gate, i mean
(03:46 / Allies) DotaTheHedgehog: he's expanding
(04:01 / Allies) mGz-: sounds yummy
(05:23 / All) GUYBELOWMEISGAY: U WIN THAT ROUND PURPLE
(05:32 / All) DotaTheHedgehog: sorry about that
(06:54 / Allies) DotaTheHedgehog: going to workshop tech
(07:17 / Allies) mGz-: get dust at shop
(07:43 / Allies) DotaTheHedgehog: im not gonna have units for a bint
(07:45 / Allies) DotaTheHedgehog: so hold steayd
(09:18 / Allies) DotaTheHedgehog: lumber please
(09:18 / Allies) DotaTheHedgehog: quick
(09:19 / All) spank.n.oobs: u guys are gay
(09:24 / All) DotaTheHedgehog: welcome to RT 101
(09:27 / All) DotaTheHedgehog: NO GOLD EVER
(10:47 / Allies) mGz-: is anyne mass wood ?
(10:51 / Allies) DotaTheHedgehog: i am now
(10:52 / Allies) DotaTheHedgehog: but i need it
(11:01 / Allies) mGz-: k no worries
(11:02 / Allies) mGz-: thanx
(11:08 / Allies) DotaTheHedgehog: np
(11:12 / Allies) mGz-: i just want to hammer out some chims
(11:16 / Allies) DotaTheHedgehog: yeah finish that shit
(11:43 / Allies) mGz-: ill repay going to get a dude tahtslams woo d
(11:45 / All) GUYBELOWMEISGAY: cunt...
(11:49 / All) DotaTheHedgehog: sorry
(11:50 / All) mGz-: scab
(12:02 / All) GUYBELOWMEISGAY: clearly elite
(12:03 / Allies) kevinharlan23: wood
(12:05 / All) DotaTheHedgehog: welcome to high level dick tactics
(12:31 / Allies) DotaTheHedgehog: okay mortars going
(12:33 / Allies) DotaTheHedgehog: keep an eye on air
(12:36 / Allies) mGz-: what are ou going purp k k
(12:43 / All) GUYBELOWMEISGAY: purp can i be ur apprentice
(12:50 / All) DotaTheHedgehog: uh sure
(12:54 / All) DotaTheHedgehog: just as long as i dont have to teach you nothing
(12:56 / All) DotaTheHedgehog: and you have to pay me for it
(12:58 / All) GUYBELOWMEISGAY: we canbe best friends
(13:07 / All) GUYBELOWMEISGAY: can we be friends anyway
(13:10 / All) DotaTheHedgehog: sure why not
(13:26 / Allies) Vintz: meet?
(13:32 / All) DotaTheHedgehog: by the way i do this to compensate for my pathetic physical appearance
(13:37 / All) spank.n.oobs: got anything better to do teal?
(13:39 / Allies) DotaTheHedgehog: yeah let's roll this
(13:48 / All) GUYBELOWMEISGAY: same my 6'8
(13:58 / Allies) Vintz: tp?
(13:58 / Allies) DotaTheHedgehog: okay will get some gyro
(14:01 / Allies) DotaTheHedgehog: yeah go
(14:16 / Allies) DotaTheHedgehog: OH WELL
(14:19 / All) GUYBELOWMEISGAY: YEAH BOI
(14:26 / Allies) mGz-: buy hero back
(14:33 / Allies) DotaTheHedgehog: ty
(14:38 / Allies) mGz-: np
(15:04 / Allies) mGz-: i need aa there or im dead
(15:06 / Allies) DotaTheHedgehog: going on foot unless you TP
(15:07 / Allies) mGz-: chims dead
(15:13 / Allies) DotaTheHedgehog: yeah go on foot
(15:15 / Allies) DotaTheHedgehog: getting gyros now
(15:28 / Allies) DotaTheHedgehog: buyrrow up
(15:51 / All) GUYBELOWMEISGAY: easier to tp when u get ganked
(16:58 / Allies) mGz-: kill off blue cmpletly
(17:02 / Allies) DotaTheHedgehog: roger
(17:31 / Allies) mGz-: i need to buya TP
(18:06 / Allies) mGz-: focus mains
(18:06 / Allies) Vintz: ok
(18:16 / Allies) mGz-: thats all my chims do until they TP
(18:34 / All) GUYBELOWMEISGAY: just finish this shit
(18:48 / All) GUYBELOWMEISGAY: red has 4 boneyards
(18:51 / All) GUYBELOWMEISGAY: with 61 food lol
(18:53 / All) spank.n.oobs: u guys are just the most annoying homos ever
(18:56 / All) DotaTheHedgehog: that's the idea
(19:02 / All) ShippedMyPants: red has more boneyards than frosts
(19:03 / All) DotaTheHedgehog: this is pretty much standard arranged team tactics
(19:16 / All) mGz-: blue stop xping
(19:18 / All) DotaTheHedgehog: the level of play is good enough here for me to do it
(19:20 / All) GUYBELOWMEISGAY: if 1 frost = 7 food
(19:28 / All) spank.n.oobs: doesn't mean it's not gay
(19:29 / All) GUYBELOWMEISGAY: 4 boneyards produces 28 food
(19:34 / All) DotaTheHedgehog: it's beatable
(19:38 / All) GUYBELOWMEISGAY: then i donno where im going with this
(19:39 / All) DotaTheHedgehog: and you have the best race in the game for doing it
(19:44 / All) DotaTheHedgehog: because you can dictate where every fight happens
(20:00 / Allies) mGz-: wards please
(20:19 / All) GUYBELOWMEISGAY: and my dryads are fucekd
(20:27 / All) GUYBELOWMEISGAY: those mortar kill it
(20:28 / All) ShippedMyPants: well have fun
(20:38 / All) mGz-: soloing doesn't win dumb dumb red
(20:45 / All) spank.n.oobs: look at those nigga chims
(20:54 / All) mGz-: how are your frosts doing anyways
(20:55 / All) Vintz: red is gonna wina alone
(21:59 / Allies) mGz-: lol i have 5 ancient of winds ready to build
(22:09 / All) mGz-: ru coward
(22:21 / All) spank.n.oobs: wtf
(22:27 / All) DotaTheHedgehog: ?